AoeStats
← Governor

Arena

510282112Analyzed
1v1 RM · 1d ago on Sep 30, 2026· 35m 13s· 2 players
Game mode
Random Map
Map size
Tiny (2 player)
Population
200
Speed
Normal
Resources
Standard
Victory
Conquest
Starting age
Dark Age
Ending age
Imperial Age
RankedLock teamsTeams togetherTeam positionsShared explorationLock speedFull tech treeHidden civsTurbo modeCheats
Victory
Defeat
🇹🇷 Franks · Türkiye
345
+12
🇨🇳 Vikings · China
264
-12
Governor
8:27 Loom
11:21 Feudal Age
12:24 Double-Bit Axe
12:21 Horse Collar
21:17 Castle Age
21:37 Scale Mail Armor
21:48 Forging
23:04 Pikeman
28:12 Squires
28:49 Chain Mail Armor
28:37 Stone Mining
32:05 Crossbowman
harun4478
13:55 Feudal Age
16:56 Double-Bit Axe
17:25 Forging
25:42 Castle Age
25:09 Gold Mining
25:26 Scale Barding Armor
25:49 Scale Mail Armor
26:26 Elite Skirmisher
26:29 Pikeman
27:33 Squires
28:14 Iron Casting
28:44 Husbandry
Connection lost

Rejoining the realm…

Still unreachable

The connection could not be restored.

Session expired

The server has moved on; the page needs a fresh start.